 Dungeon Crawl Stone Soup version 0.29-a0-303-ge4682ce883 (webtiles) character file.

Game seed: 5274793985376033564

877 jmlagarto the Insei (level 8, -2/60 HPs)
             Began as a Gnoll Transmuter on Mar 25, 2022.
             Was a Believer of Dithmenos.
             Slain by surr's ghost (10 damage)
             ... on level 4 of the Dungeon.
             The game lasted 00:09:21 (4761 turns).

jmlagarto the Insei (Gnoll Transmuter)              Turns: 4761, Time: 00:09:21

Health: -2/60      AC:  8    Str: 17    XL:     8   Next: 4%
Magic:  16/16      EV: 14    Int: 13    God:    Dithmenos [**....]
Gold:   277        SH:  0    Dex: 18    Spells: 17/18 levels left

rFire   + . .      SeeInvis .   t - +9 mace "Enkar" {vorpal, Drain rF+ rC+}
rCold   + . .      Faith    .   (no shield)
rNeg    . . .      Spirit   .   p - +0 leather armour of Bitterness {Dex+5}
rPois   .          Reflect  .   (no helmet)
rElec   .          Harm     .   a - +0 cloak
rCorr   .          Rampage  .   (no gloves)
Will    .....                   (no boots)
Stlth   +++.......              i - amulet of the acrobat
HPRegen 0.20/turn               k - +4 ring of protection
MPRegen 0.15/turn               y - +6 ring of strength

@: wreathed by umbra
A: fangs 1, strong nose, distributed training
a: Renounce Religion, Shadow Step


You were on level 4 of the Dungeon.
You worshipped Dithmenos.
Dithmenos was pleased with you.
You visited 1 branch of the dungeon, and saw 4 of its levels.

You collected 277 gold pieces.

Inventory:

Hand Weapons
 e - a +3 whip of freezing
 t - the +9 mace "Enkar" (weapon) {vorpal, Drain rF+ rC+}
   (You found it on level 3 of the Dungeon)

   It inflicts extra damage upon your enemies.
   rF:        It protects you from fire.
   rC:        It protects you from cold.
   Drain:     It drains your maximum health when unequipped.
Missiles
 j - 2 curare-tipped darts
 s - 11 poisoned darts
 x - a throwing net
 z - 6 atropa-tipped darts
Armour
 a - a +0 cloak (worn)
 p - the +0 leather armour of Bitterness (worn) {Dex+5}
   (You found it on level 2 of the Dungeon)

   Dex:       It affects your dexterity (+5).
Jewellery
 i - an amulet of the acrobat (around neck)
 k - a +4 ring of protection (left hand)
 l - a ring of flight
 m - a ring of positive energy
 y - a +6 ring of strength (right hand)
Wands
 v - a wand of flame (12)
Scrolls
 d - a scroll of immolation
 q - 2 scrolls of fog
 r - a scroll of enchant armour {unknown}
 u - 2 scrolls of teleportation {unknown}
 A - a scroll of amnesia {unknown}
Potions
 b - a potion of lignification
 n - a potion of cancellation {unknown}
 o - a potion of haste {unknown}
 w - a potion of flight {unknown}


   Skills:
 + Level 3.9 Fighting
 + Level 2.9 Short Blades
 + Level 2.9 Long Blades
 + Level 2.9 Axes
 + Level 2.9 Maces & Flails
 + Level 2.9 Polearms
 + Level 2.9 Staves
 + Level 2.9 Slings
 + Level 2.9 Bows
 + Level 2.9 Crossbows
 + Level 2.9 Throwing
 + Level 2.9 Armour
 + Level 5.4 Dodging
 + Level 2.9 Stealth
 + Level 2.9 Shields
 + Level 7.2 Unarmed Combat
 + Level 5.8 Spellcasting
 + Level 2.3 Conjurations
 + Level 2.3 Hexes
 + Level 2.3 Summonings
 + Level 2.3 Necromancy
 + Level 2.3 Translocations
 + Level 4.5 Transmutations
 + Level 2.3 Fire Magic
 + Level 2.3 Ice Magic
 + Level 2.3 Air Magic
 + Level 2.3 Earth Magic
 + Level 2.3 Poison Magic
 + Level 3.2 Invocations
 + Level 2.9 Evocations


You had 17 spell levels left.
You knew the following spells:

 Your Spells              Type           Power      Damage    Failure   Level
a - Beastly Appendage     Tmut           30%        N/A       3%          1

Your spell library contained the following spells:

 Spells                   Type           Power      Damage    Failure   Level
 Wereblood                Tmut           15%        N/A       4%          2
 Sublimation of Blood     Necr           9%         N/A       12%         2
 Spider Form              Tmut/Pois      12%        N/A       16%         3
 Summon Guardian Golem    Hex/Summ       9%         N/A       24%         3
 Tukima's Dance           Hex            9%         N/A       24%         3
 Ice Form                 Ice/Tmut       12%        N/A       45%         4
 Anguish                  Hex/Necr       4%         N/A       61%         4
 Enfeeble                 Hex            4%         N/A       100%        7
 Orb of Destruction       Conj           4%         9d5       100%        7
 Spellforged Servitor     Conj/Summ      4%         N/A       100%        7
 Summon Hydra             Summ           4%         N/A       100%        7


Dungeon Overview and Level Annotations

Branches:
Dungeon (4/15)
 Temple: D:4-7

Altars:
Dithmenos
Yredelemnul

Annotations:
D:4 surr's ghost, amateur DsCA


Innate Abilities, Weirdness & Mutations

You have very sharp teeth.
Your uncanny sense of smell can sniff out nearby items.
Your experience applies equally to all skills.


Message History

Surr's ghost hits your orc!
Your orc dies!
Your orc's corpse dissolves into shadows!
You swap places.
You barely miss the white imp. You claw the white imp.
The white imp is moderately wounded.
The white imp laughs crazily.
The white imp gestures at you. The puff of frost hits you. You resist.
* * * LOW HITPOINT WARNING * * *
You thump the white imp!
You kill the white imp!
Dithmenos accepts your kill.
Your horns disappear.
Your talons disappear.
As you read the scroll labelled BAAF TUN FAODI, it crumbles to dust.
You feel aware of your surroundings.
It was a scroll of magic mapping.
Surr's ghost hits your hound.
Your hound bites surr's ghost.
As you read the scroll labelled BEAFISCHOAMA, it crumbles to dust.
You hear a loud clanging noise!
It was a scroll of noise.
You hear a shout!
Your hound barely misses surr's ghost.
Surr's ghost hits your hound.
As you read the scroll labelled VIMEANLENIHO, it crumbles to dust.
It is a scroll of enchant weapon.
Your +2 whip of freezing glows red for a moment.
Your hound bites surr's ghost but does no damage.
Surr's ghost closely misses your hound.
Your hound bites surr's ghost.
Your hound barely misses surr's ghost.
Surr's ghost hits you but does no damage.
You hit surr's ghost but do no damage.
Surr's ghost is moderately damaged.
Your hound bites surr's ghost but does no damage.
Surr's ghost hits you.
* * * LOW HITPOINT WARNING * * *
x2 Your hound bites surr's ghost but does no damage.
You sock surr's ghost!
Surr's ghost is severely damaged.
Your hound bites surr's ghost but does no damage.
Surr's ghost hits you!
You die...

*,*,,* #........)..........#
*,*,,####...................#
*,*,,.......................#
,,***####...................#
* *** #...................# *
,,* #............§§.....#####
*,* #............§§§........#
*,* #.......hW...§§§§...###..
*,* #.......@.....§§§§§.# ***
*,******#..........#####§§§.#
*,*,,,,............#§§W#§§§.#
*,,,***##..........#§oo§§§..#
***** ############§§o#..###
*#######


You could see surr's ghost (ally target) and a friendly hound (summoned).

Vanquished Creatures
  Grinder (D:3)
  Sigmund (D:3)
  A wyvern (D:4)
  A hound (D:4)
  Crazy Yiuf (D:3)
  2 orc priests (D:3)
  2 iguanas (D:4)
  Terence (D:3)
  An orc wizard (D:3)
  2 adders (D:3)
  3 gnolls (D:3)
  A white imp (D:4)
  An ufetubus (D:4)
  3 worms
  2 dart slugs
  8 orcs (D:3)
  5 ball pythons
  5 endoplasms
  3 giant cockroaches
  8 goblins
  5 hobgoblins
  8 jackals
  3 quokkas
  4 bats
  3 frilled lizards
  5 kobolds
  8 rats
88 creatures vanquished.

Notes
Turn   | Place    | Note
-------+----------+-------------------------------------------
     0 | D:1      | jmlagarto the Gnoll Transmuter began the quest for the Orb.
     0 | D:1      | Reached XP level 1. HP: 17/17 MP: 6/6
   295 | D:1      | Reached XP level 2. HP: 23/23 MP: 5/7
   347 | D:1      | Found a faded altar of an unknown god.
  1211 | D:1      | Prayed at the altar of an unknown god.
  1211 | D:1      | Became a worshipper of Dithmenos the Shadowed
  1211 | D:1      | Reached * piety under Dithmenos
  1251 | D:2      | Reached XP level 3. HP: 24/28 MP: 9/9
  1262 | D:2      | Reached skill level 5 in Spellcasting
  1884 | D:2      | Reached skill level 1 in Invocations
  2343 | D:2      | Identified the +0 leather armour of Bitterness {Dex+5}
  2463 | D:3      | Reached skill level 1 in Short Blades
  2463 | D:3      | Reached skill level 1 in Long Blades
  2463 | D:3      | Reached skill level 1 in Axes
  2463 | D:3      | Reached skill level 1 in Maces & Flails
  2463 | D:3      | Reached skill level 1 in Polearms
  2463 | D:3      | Reached skill level 1 in Staves
  2463 | D:3      | Reached skill level 1 in Slings
  2463 | D:3      | Reached skill level 1 in Bows
  2463 | D:3      | Reached skill level 1 in Crossbows
  2463 | D:3      | Reached skill level 1 in Throwing
  2463 | D:3      | Reached skill level 1 in Armour
  2463 | D:3      | Reached skill level 1 in Stealth
  2463 | D:3      | Reached skill level 1 in Shields
  2463 | D:3      | Reached skill level 1 in Evocations
  2463 | D:3      | Reached XP level 4. HP: 33/34 MP: 11/11
  2547 | D:3      | Noticed Terence
  2567 | D:3      | Killed Terence
  2568 | D:3      | Reached skill level 1 in Conjurations
  2568 | D:3      | Reached skill level 1 in Hexes
  2568 | D:3      | Reached skill level 1 in Summonings
  2568 | D:3      | Reached skill level 1 in Necromancy
  2568 | D:3      | Reached skill level 1 in Translocations
  2568 | D:3      | Reached skill level 1 in Fire Magic
  2568 | D:3      | Reached skill level 1 in Ice Magic
  2568 | D:3      | Reached skill level 1 in Air Magic
  2568 | D:3      | Reached skill level 1 in Earth Magic
  2568 | D:3      | Reached skill level 1 in Poison Magic
  2753 | D:3      | Reached XP level 5. HP: 22/40 MP: 12/12
  2892 | D:3      | Found a basalt altar of Yredelemnul.
  3018 | D:3      | Noticed Grinder
  3023 | D:3      | Paralysed by Grinder for 4 turns
  3035 | D:3      | Paralysed by Grinder for 3 turns
  3044 | D:3      | Paralysed by Grinder for 2 turns
  3047 | D:3      | Killed Grinder
  3048 | D:3      | Reached skill level 5 in Dodging
  3048 | D:3      | Reached XP level 6. HP: 9/47 MP: 14/14
  3311 | D:3      | Found a runed translucent door.
  3314 | D:3      | Noticed Crazy Yiuf
  3316 | D:3      | Identified the +9 mace "Enkar" {vorpal, Drain rF+ rC+}
  3326 | D:3      | Killed Crazy Yiuf
  3508 | D:3      | Reached ** piety under Dithmenos
  3722 | D:3      | Noticed Sigmund
  3730 | D:3      | Killed Sigmund
  3731 | D:3      | Reached skill level 7 in Unarmed Combat
  3731 | D:3      | Reached XP level 7. HP: 24/52 MP: 15/15
  4598 | D:4      | Noticed a wyvern
  4606 | D:4      | Killed a wyvern
  4681 | D:4      | Reached XP level 8. HP: 56/60 MP: 16/16
  4718 | D:4      | Found a runed translucent door.
  4724 | D:4      | Noticed surr's ghost (amateur DsCA)
  4761 | D:4      | Slain by surr's ghost

Illustrated notes

Levels and vault maps discovered:
D:1:      wander_arrival_chamber, layout_loops_ring,
          shapermc_ecumenical_altar_starsandcircs, minmay_tiny_reverse_x
D:2:      layout_loops_ring, corexii_leaking_fountain,
          hangedman_abyss_or_decor_lesser_grid
D:3:      layout_loops_ring, general_overflow_altar, grunt_ministairs_7,
          st_stairs_1, kennysheep_generic_room_15, uniq_crazy_yiuf_cottage,
          uniq_terence, uniq_sigmund, uniq_grinder
D:4:      minmay_spotlight, layout_basic, ebering_ghost_inner_flame,
          patterned_corridor

Skill      XL: |  1  2  3  4  5  6  7 |
---------------+----------------------+-----
Spellcasting   | 5 |  5.8
Invocations    | 1 2 3 |  3.2
Short Blades   | 1 2 |  2.9
Long Blades    | 1 2 |  2.9
Axes           | 1 2 |  2.9
Maces & Flails | 1 2 |  2.9
Polearms       | 1 2 |  2.9
Staves         | 1 2 |  2.9
Slings         | 1 2 |  2.9
Bows           | 1 2 |  2.9
Crossbows      | 1 2 |  2.9
Throwing       | 1 2 |  2.9
Armour         | 1 2 |  2.9
Stealth        | 1 2 |  2.9
Shields        | 1 2 |  2.9
Evocations     | 1 2 |  2.9
Conjurations   | 1 2 |  2.3
Hexes          | 1 2 |  2.3
Summonings     | 1 2 |  2.3
Necromancy     | 1 2 |  2.3
Translocations | 1 2 |  2.3
Fire Magic     | 1 2 |  2.3
Ice Magic      | 1 2 |  2.3
Air Magic      | 1 2 |  2.3
Earth Magic    | 1 2 |  2.3
Poison Magic   | 1 2 |  2.3
Fighting       | 3 |  3.9
Dodging        | 5 |  5.4
Transmutations | 4 |  4.5
Unarmed Combat | 7 |  7.2

Action                   |  1- 3 |  4- 6 |  7- 9 || total
-------------------------+-------+-------+-------++-------
Melee: Unarmed           |    34 |       |       ||    34
       Bite              |    11 |     9 |     2 ||    22
       Kick              |     3 |     7 |     6 ||    16
       Punch             |     3 |     4 |     1 ||     8
       Whip              |    74 |    67 |       ||   141
       Headbutt          |     1 |     5 |     6 ||    12
       Mace              |       |    20 |    51 ||    71
 Cast: Beastly Appendage |     4 |     6 |     4 ||    14
  Use: Scroll            |     1 |       |     6 ||     7
       Potion            |       |     1 |       ||     1
 Stab: Sleeping          |       |     2 |     1 ||     3
       Distracted        |       |     1 |       ||     1
Armor: Robe              |     8 |       |       ||     8
       Ring mail         |    19 |       |       ||    19
       Leather armour    |     5 |    16 |    11 ||    32
Dodge: Dodged            |    91 |    63 |    41 ||   195

Table legend: (Time is in decaauts)
 A = Elapsed time spent in this place.
 B = Non-inter-level travel time spent in this place.
 C = Inter-level travel time spent in this place.
 D = Time resting spent in this place.
 E = Time spent auto-exploring this place.
 F = Levels seen in this place.
 G = Mean time per level.
                   A        B        C        D        E       F      G
               +--------+--------+--------+--------+--------+-----+--------+
         Total |   4781 |   4628 |    153 |    102 |   3816 |   4 | 1195.2 |
       Dungeon |   4781 |   4628 |    153 |    102 |   3816 |   4 | 1195.2 |
               +--------+--------+--------+--------+--------+-----+--------+

Top non-repeatable levels by time:
     D:3: 1858 daAuts
     D:1: 1241 daAuts
     D:2: 1210 daAuts
     D:4: 470 daAuts
